 Dungeon Crawl Stone Soup version 0.25.0-33-gff14898491 (webtiles) character file.

Game seed: 4919564563808298248

77097 H0rd4k the Brawler (level 15, -6/120 HPs)
             Began as an Octopode Transmuter on July 6, 2020.
             Was an Initiate of Gozag.
             Mangled by a merfolk
             ... wielding a +0 trident
              (13 damage)
             ... on level 1 of the Shoals on July 7, 2020.
             The game lasted 02:15:02 (35766 turns).

H0rd4k the Brawler (Octopode Transmuter)           Turns: 35766, Time: 02:15:08

Health: -6/120     AC:  5    Str: 12    XL:     15   Next: 55%
Magic:  34/38      EV: 23    Int: 27    God:    Gozag
Gold:   800        SH:  0    Dex: 16    Spells: 3/35 levels left

rFire    . . .     SeeInvis +     - Unarmed
rCold    + + +     Gourm    .   (shield currently unavailable)
rNeg     + . .     Faith    .   (helmet restricted)
rPois    +         Spirit   .   S - amulet of Vitality {Regen+ HP+15}
rElec    .         Reflect  .   j - +4 ring of protection
rCorr    +         Harm     .   g - ring "Cuniruor" {rC+ Int+3}
MR       ++...                  Q - ring "Zimall" {MR+ rCorr Dex+4}
Stlth    ++++++....             R - ring of see invisible
HPRegen  0.70/turn              l - ring "Mufitaej" {*Contam rPois rC++ rN+ Str-2 Int+6}
MPRegen  0.26/turn              p - ring of magical power
                                E - +4 ring of evasion
                                (no ring)

@: blade tentacles, gold aura, studying Fighting
A: almost no armour, stealthy swim, amphibious, 8 rings, constrict 8, camouflage
1, gelatinous body 1
a: End Transformation, Potion Petition, Call Merchant, Bribe Branch, Renounce
Religion


You were on level 1 of the Shoals.
You worshipped Gozag.
Gozag was pleased with you.
You were hungry.
You had blades for tentacles.
You visited 6 branches of the dungeon, and saw 22 of its levels.
You also visited: Sewer, Bailey and Gauntlet.

You collected 15018 gold pieces.
You spent 7856 gold pieces at shops.
You paid 6362 gold pieces to Gozag.

Inventory:

Hand Weapons
 J - the +8 lance "Wyrmbane" {slay drac, rPois rF+ rC+ AC+3}
   (You found it on level 8 of the Dungeon)

   It affects your AC (+3).
   It protects you from fire.
   It protects you from cold.
   It protects you from poison.
 U - the +8 rapier "Enalies" {vorpal, Str-4 Dex+7 SInv}
   (You found it on level 3 of the Lair of Beasts)

   It inflicts extra damage upon your enemies.
   It affects your strength (-4).
   It affects your dexterity (+7).
   It lets you see invisible.
 X - the +4 hunting sling "Ywiraas" {speed, rElec rPois MR- Str+6 Dex+3}
   (You bought it in a shop on level 9 of the Dungeon)

   Attacks with this weapon are significantly faster.
   It affects your strength (+6).
   It affects your dexterity (+3).
   It insulates you from electricity.
   It protects you from poison.
   It affects your resistance to hostile enchantments.
Missiles
 a - 230 arrows
 e - 62 poisoned darts (quivered)
 F - 16 silver javelins
Jewellery
 g - the ring "Cuniruor" (right scythe-like blade) {rC+ Int+3}
   (You bought it in a shop on level 9 of the Dungeon)

   [ring of protection from cold]

   It affects your intelligence (+3).
   It protects you from cold.
 j - a +4 ring of protection (left scythe-like blade)
 l - the ring "Mufitaej" (on tentacle) {*Contam rPois rC++ rN+ Str-2 Int+6}
   (You found it in a Gauntlet)

   [ring of intelligence]

   It affects your strength (-2).
   It affects your intelligence (+6).
   It greatly protects you from cold.
   It protects you from poison.
   It protects you from negative energy.
   It causes magical contamination when unequipped.
 p - a ring of magical power (on tentacle)
 E - a +4 ring of evasion (on tentacle)
 G - an uncursed amulet of the acrobat
 K - an uncursed amulet of magic regeneration
 Q - the ring "Zimall" (on tentacle) {MR+ rCorr Dex+4}
   (You bought it in a shop on level 9 of the Dungeon)

   [ring of resist corrosion]

   It affects your dexterity (+4).
   It affects your resistance to hostile enchantments.
   It provides partial protection from all sources of acid and corrosion.
 R - a ring of see invisible (on tentacle)
 S - the amulet of Vitality (around mantle) {Regen+ HP+15}
   (You bought it in a shop on level 9 of the Dungeon)

   [amulet of regeneration]

   It affects your health (+15).
   It increases your rate of regeneration.
Wands
 u - a wand of clouds (2)
 w - a wand of flame (10)
 C - a wand of digging (13)
 H - a wand of disintegration (6)
 I - a wand of iceblast (8)
 L - a wand of polymorph (10)
 P - a wand of random effects (38)
Scrolls
 b - 7 scrolls of remove curse
 h - 3 scrolls of enchant armour
 i - 10 scrolls of magic mapping
 k - a scroll of brand weapon
 m - 2 scrolls of fear
 q - 8 scrolls of teleportation
 r - 5 scrolls of fog
 s - 2 scrolls of enchant weapon
 t - a scroll of silence {unknown}
 v - a scroll of identify
 y - 3 scrolls of amnesia
 D - a scroll of holy word
Potions
 d - 3 potions of brilliance
 f - 2 potions of lignification
 n - 5 potions of curing
 o - 2 potions of invisibility
 x - a potion of heal wounds
 z - 3 potions of might
 A - 5 potions of flight
 B - 4 potions of stabbing
 O - 3 potions of mutation
Books
 N - a manual of Fighting
Miscellaneous
 M - a lightning rod (4/4)
 V - a box of beasts
 W - a phial of floods
Comestibles
 c - 13 rations


   Skills:
 * Level 10.9 Fighting
 + Level 2.1 Polearms
 + Level 2.3(3.5) Slings
 + Level 4.0(4.3) Throwing
 + Level 8.6 Dodging
 + Level 10.0 Stealth
 + Level 15.3 Unarmed Combat
 + Level 10.9 Spellcasting
 + Level 0.4 Hexes
 + Level 3.7 Charms
 + Level 11.2 Transmutations
 + Level 3.4 Ice Magic
 + Level 1.5 Poison Magic
 + Level 2.9 Evocations


You had 3 spell levels left.
You knew the following spells:

 Your Spells              Type           Power        Failure   Level  Hunger
a - Beastly Appendage     Tmut           ######       5%          1    None
b - Sticks to Snakes      Tmut           ######..     6%          2    None
c - Spider Form           Tmut/Pois      #####.....   14%         3    None
d - Blade Hands           Tmut           ######....   16%         5    ###....
e - Yara's Violent Unrav  Hex/Tmut       #####.....   45%         5    ###....
f - Dragon Form           Tmut           ######....   75%         7    ######.
g - Shroud of Golubria    Chrm/Tloc      ###...       24%         2    None
h - Ozocubu's Armour      Chrm/Ice       ####....     24%         3    None
i - Ice Form              Ice/Tmut       ######..     21%         4    None

Your spell library contained the following spells:

 Spells                   Type           Power        Failure   Level  Hunger
 Infusion                 Chrm           ####         14%         1    None
 Song of Slaying          Chrm           #####...     17%         2    None
 Ensorcelled Hibernation  Hex/Ice        ####..       24%         2    None
 Corona                   Hex            ###....      26%         1    None
 Animate Skeleton         Necr           N/A          30%         1    None
 Apportation              Tloc           ##....       30%         1    None
 Foxfire                  Conj/Fire      ##..         30%         1    None
 Magic Dart               Conj           ##..         30%         1    None
 Shock                    Conj/Air       ##..         30%         1    None
 Summon Small Mammal      Summ           ##..         30%         1    None
 Poisonous Vapours        Pois/Air       ###...       30%         2    None
 Slow                     Hex            ###.....     32%         2    None
 Spectral Weapon          Hex/Chrm       ####....     32%         3    None
 Confusing Touch          Hex            ###.....     45%         3    None
 Tukima's Dance           Hex            ###.....     45%         3    None
 Dazzling Flash           Conj/Hex       ###...       47%         3    None
 Inner Flame              Hex/Fire       ###.....     47%         3    None
 Portal Projectile        Hex/Tloc       ###...       47%         3    None
 Cause Fear               Hex            ###.......   75%         4    None
 Leda's Liquefaction      Hex/Erth       ###.......   77%         4    None
 Sticky Flame             Conj/Fire      ##......     78%         4    None
 Iskenderun's Battlesphe  Conj/Chrm      ###.....     85%         5    ###....
 Freezing Cloud           Conj/Ice/Air   ###.......   100%        6    #####..
 Ring of Flames           Chrm/Fire      ###.......   100%        7    ######.
 Dragon's Call            Summ           ##........   100%        9    #######


Dungeon Overview and Level Annotations

Branches:
Dungeon (11/15)            Temple (0/1) D:7            Lair (6/6) D:9
 Shoals (1/4) Lair:2        Snake (1/4) Lair:2        Slime (0/5) Lair:5
    Orc (2/2) D:10            Elf (1/3) Orc:2         Sewer (visited)
 Bailey (visited)         Gauntlet (visited)

Altars:
Cheibriados
Gozag
Hepliaklqana
Nemelex Xobeh
Okawaru
Ru
Sif Muna
Xom
Yredelemnul
Zin
The Shining One
Beogh
Jiyva

Shops:
D:8 ?   D:9 (=:**:   Orc:1 :   Orc:2 [[(

Annotations:
Orc:2 1 runed translucent door, exclusions: orc warlord and player ghost, Albert's ghost, journeyman DDBe


Innate Abilities, Weirdness & Mutations

You cannot wear most types of armour.
You are very stealthy in the water. (Stealth+)
You are amphibious.
You can wear up to eight rings at the same time.
You can use your tentacles to constrict eight enemies at once.
Your skin changes colour to match your surroundings (Stealth+).
Your rubbery body absorbs attacks. (AC +1, EV +1)


Message History

The merfolk throws a boomerang.
The boomerang misses you.
The weapon returns to the merfolk!
The merfolk throws a boomerang.
The boomerang hits you!
The weapon returns to the merfolk!
The merfolk aquamancer points at you and mumbles some strange words.
The torrent of water misses you.
The wave splashes down.
The merfolk hits you from afar with a +0 trident!!
The water elemental barely misses you.
You shred the water elemental!!!
You destroy the water elemental!
The merfolk hits you from afar with a +0 trident!
* * * LOW HITPOINT WARNING * * *
The merfolk hits you from afar with a +0 trident.
* * * LOW HITPOINT WARNING * * *
The merfolk completely misses you.
The merfolk aquamancer points at you and mumbles some strange words.
The ball of steam hits you!!
* * * LOW HITPOINT WARNING * * *
The merfolk hits you with a +0 trident!
You die...
Your body crumbles into a pile of gold.

..≈(≈≈≈≈≈≈≈≈≈≈≈≈≈≈≈≈≈...........≈
≈≈≈≈≈≈≈≈≈≈≈≈≈≈≈≈≈≈≈≈≈.≈≈≈≈≈...≈≈≈
≈≈≈≈≈≈≈≈≈≈≈≈≈≈≈≈≈≈≈...≈≈≈≈≈≈≈≈≈≈≈
≈)≈≈≈≈≈≈≈≈≈≈≈≈≈≈≈≈≈≈≈..≈≈≈≈≈≈≈≈≈≈
≈≈≈≈≈≈≈≈≈≈≈≈≈≈≈≈≈≈≈≈..≈≈≈≈≈≈≈≈≈≈≈
≈(≈≈≈≈≈≈≈≈≈≈≈≈≈≈≈≈≈≈≈≈≈≈≈≈≈≈≈≈≈≈.
≈≈≈≈≈≈≈≈≈≈≈≈≈≈≈≈≈§≈≈≈≈≈≈≈≈≈≈≈≈≈##
≈≈≈≈≈(≈≈≈≈≈≈≈≈(m≈§≈≈≈≈≈≈≈≈≈≈≈≈.#
≈≈≈≈≈≈≈≈≈≈≈≈≈≈≈m@≈≈≈≈≈≈≈≈≈≈≈...#
≈((≈≈≈≈≈≈≈≈≈≈≈≈≈§≈≈≈≈≈≈≈≈≈≈.#####
≈≈≈≈≈≈)≈≈≈≈≈≈≈≈§≈≈≈≈≈≈≈≈≈≈≈.###..
≈≈≈≈≈≈≈≈≈≈≈≈≈≈≈m≈≈≈≈≈≈≈≈≈≈≈≈.....
≈≈≈≈≈≈≈≈≈≈≈≈≈≈≈≈≈≈≈≈≈≈≈≈≈≈≈≈≈≈≈≈≈
≈≈≈≈≈≈≈≈≈≈≈≈≈≈≈≈≈≈≈≈≈≈≈≈≈≈≈≈≈≈≈≈≈
≈≈≈≈≈≈≈≈≈≈≈≈≈≈≈≈≈≈≈≈≈≈≈≈≈≈≈≈≈≈≈≈≈
≈≈≈≈≈≈≈≈≈≈≈≈≈≈≈≈≈≈≈≈≈≈≈≈≈≈≈≈≈≈≈≈≈
≈≈≈≈≈≈≈≈≈≈≈≈≈≈≈≈≈≈≈≈≈≈≈≈≈≈≈≈≈≈≈≈≈


You could see a merfolk aquamancer and 2 merfolk.

Vanquished Creatures
  A minotaur (Gauntlet)
  A merfolk impaler (Shoals:1)
  2 naga warriors (Snake:1)
  8 hydras
  An anaconda (Snake:1)
  A merfolk aquamancer (Shoals:1)
  A two-headed ogre (D:11)
  6 death yaks (Lair:5)
  A tengu warrior (Gauntlet)
  A shock serpent (Snake:1)
  2 deep elf knights (Elf:1)
  A naga ritualist (Snake:1)
  A deep elf archer (Elf:1)
  3 sea snakes (Shoals:1)
  10 harpies (Shoals:1)
  Pikel (D:9)
  5 orc knights
  A mana viper (Snake:1)
  5 fauns (Shoals:1)
  A deep elf mage (Elf:1)
  An orc sorcerer (Orc:2)
  An oklob plant (Lair:4)
  5 elephants
  A salamander (Snake:1)
  6 black mambas
  3 merfolk sirens
  A water nymph (Shoals:1)
  A torpor snail (Lair:2)
  23 spiny frogs
  A minotaur zombie (Gauntlet)
  2 rime drakes
  8 komodo dragons
  5 trolls
  2 polar bears
  6 merfolk
  3 hornets (D:9)
  5 tyrant leeches (Lair:6)
  Prince Ribbit (D:6)
  7 hippogriffs
  18 blink frogs
  A snapping turtle (Shoals:1)
  A spriggan (shapeshifter) (Elf:1)
  4 water elementals (Shoals:1)
  42 yaks
  A vampire (D:11)
  A fire elemental (Elf:1)
  A wyvern (Lair:1)
  Eustachio (D:4)
  3 basilisks
  12 vampire mosquitoes
  Menkaure (D:4)
  2 soldier ants
  5 nagas
  An acid dragon (D:11)
  2 wargs
  6 water moccasins
  4 porcupines
  A black bear (D:7)
  5 ice beasts
  36 orc warriors
  2 slaves (D:9)
  2 phantoms
  5 sky beasts
  11 ogres
  7 wolves
  10 crocodiles
  4 centaurs
  2 big kobolds
  24 bullfrogs
  2 earth elementals (Elf:1)
  Blork the orc (D:6)
  3 scorpions
  A wyvern skeleton (D:10)
  4 killer bees (D:11)
  2 electric eels (Lair:3)
  2 howler monkeys
  9 crimson imps
  A centaur zombie (D:10)
  28 orc priests
  2 hounds
  3 bullfrog skeletons
  2 centaur skeletons
  2 iguanas
  26 orc wizards
  4 worker ants
  4 hound zombies
  A hound skeleton (D:5)
  2 worker ant zombies (D:8)
  20 adders
  7 gnolls
  6 river rats
  A shadow imp (D:7)
  A white imp (D:9)
  3 oozes
  An adder zombie (D:6)
  5 adder skeletons
  3 worms
  A dart slug (D:1)
  6 leopard geckos
  126 orcs
  12 giant cockroaches
  16 goblins
  18 hobgoblins
  6 jackals
  38 kobolds
  8 quokkas
  7 ball pythons
  7 bats
  5 frilled lizards
  A quokka skeleton (D:5)
  28 rats
775 creatures vanquished.

Vanquished Creatures (others)
  A bush (Lair:6)
  19 fungi
  54 plants
74 creatures vanquished.

Grand Total: 849 creatures vanquished

Notes
Turn   | Place    | Note
-------+----------+-------------------------------------------
     0 | D:1      | H0rd4k the Octopode Transmuter began the quest for the Orb.
     0 | D:1      | Reached XP level 1. HP: 13/13 MP: 3/3
   119 | D:1      | Reached XP level 2. HP: 14/18 MP: 5/5
   717 | D:1      | Reached XP level 3. HP: 23/23 MP: 6/6
   837 | D:1      | Reached skill level 1 in Stealth
  1236 | D:2      | Noticed a phantom
  1473 | D:2      | Reached XP level 4. HP: 23/28 MP: 7/7
  1858 | D:3      | Reached skill level 4 in Unarmed Combat
  2121 | D:3      | Reached XP level 5. HP: 32/33 MP: 6/8
  2580 | D:3      | You fall into a shaft and drop 1 floor!
  2591 | D:4      | Noticed Menkaure
  2655 | D:4      | Reached XP level 6. HP: 19/38 MP: 7/10
  2734 | D:4      | Noticed Eustachio
  3858 | D:4      | Learned a level 2 spell: Sticks to Snakes
  3862 | D:4      | Learned a level 3 spell: Spider Form
  4024 | D:4      | Reached skill level 5 in Unarmed Combat
  4390 | D:4      | Reached XP level 7. HP: 19/43 MP: 9/11
  5478 | D:4      | Found a glowing silver altar of Zin.
  5479 | D:4      | Noticed an angel
  5500 | D:5      | Entered Level 5 of the Dungeon
  6016 | D:5      | Found a basalt altar of Yredelemnul.
  6019 | D:5      | You fall into a shaft and drop 2 floors!
  6110 | D:7      | Reached skill level 6 in Unarmed Combat
  6110 | D:7      | Reached XP level 8. HP: 31/50 MP: 11/13
  6314 | D:6      | Found an iron altar of Okawaru.
  6315 | D:6      | Found a shimmering altar of Xom.
  6315 | D:6      | Noticed Blork the orc
  6432 | D:6      | Reached skill level 1 in Throwing
  6517 | D:6      | Found a glowing drain.
  6605 | Sewer    | Entered a sewer
  7977 | D:6      | Found a sparkling altar of Nemelex Xobeh.
  8023 | D:6      | Reached skill level 5 in Stealth
  8025 | D:6      | Noticed Prince Ribbit
  8469 | D:5      | Found a glowing golden altar of the Shining One.
  8473 | D:5      | Noticed an angel
  9766 | D:4      | Killed Eustachio
  9766 | D:4      | Reached skill level 5 in Spellcasting
 10042 | D:4      | Reached skill level 7 in Unarmed Combat
 10042 | D:4      | Reached skill level 1 in Poison Magic
 10042 | D:4      | Reached XP level 9. HP: 40/55 MP: 13/16
 10148 | D:4      | Learned a level 5 spell: Blade Hands
 10162 | D:4      | Reached skill level 5 in Transmutations
 10607 | D:5      | Found a snail-covered altar of Cheibriados.
 10609 | D:5      | Found an opulent altar of Gozag.
 10713 | D:5      | Became a worshipper of Gozag Ym Sagoz the Greedy
 10850 | D:6      | Found a sacrificial altar of Ru.
 11330 | D:7      | Found a staircase to the Ecumenical Temple.
 11603 | D:7      | Got a slimy short sword
 11604 | D:7      | Identified the cursed +3 short sword "Pofaqi" {vorpal,
                  | *Drain rC+ MR+ Str+8} (You found it on level 7 of the
                  | Dungeon)
 11751 | D:8      | Got a polished war axe
 11976 | D:8      | Found a hazy altar of Hepliaklqana.
 12004 | D:7      | Reached skill level 1 in Evocations
 12155 | D:8      | Found the +8 lance "Wyrmbane" {slay drac, rPois rF+ rC+
                  | AC+3}
 12392 | D:9      | Reached skill level 8 in Unarmed Combat
 12408 | D:9      | Found a staircase to the Lair.
 12413 | D:9      | Noticed a troll
 12837 | D:9      | Reached XP level 10. HP: 61/61 MP: 16/19
 12919 | D:9      | Noticed Pikel
 13012 | D:9      | Killed Pikel
 13012 | D:9      | Reached skill level 5 in Dodging
 13468 | D:8      | Found Wimargh's Magic Scroll Boutique.
 13537 | D:8      | Bought a scroll of amnesia for 42 gold pieces
 13537 | D:8      | Bought a scroll of fear for 42 gold pieces
 13537 | D:8      | Bought a scroll of blinking for 90 gold pieces
 13844 | D:8      | Identified the +9 war axe "Lorem Ipsum" {drain, *Drain
                  | +Rage Str+4 Dex+5} (You found it on level 8 of the Dungeon)
 14409 | D:4      | Killed Menkaure
 14409 | D:4      | Reached skill level 9 in Unarmed Combat
 14689 | D:6      | Killed Blork the orc
 14803 | D:6      | Killed Prince Ribbit
 15069 | D:10     | Entered Level 10 of the Dungeon
 15087 | D:10     | Found a shimmering blue altar of Sif Muna.
 15104 | D:10     | Found a staircase to the Orcish Mines.
 15169 | D:10     | Found a flagged portal.
 15181 | Bailey   | Entered a bailey
 15186 | Bailey   | Identified 2 scrolls of acquirement
 15423 | Bailey   | Found a burning altar of Makhleb.
 16163 | D:9      | Bought a blackened book for 510 gold pieces
 16163 | D:9      | Bought 2 potions of heal wounds for 340 gold pieces
 16165 | D:9      | Bought a scroll labeled QUOCZO WODUR for 39 gold pieces
 16167 | D:9      | Bought a manual of Fighting for 1435 gold pieces
 16183 | Lair:1   | Entered Level 1 of the Lair of Beasts
 16203 | Lair:1   | Noticed a black mamba
 16212 | Lair:1   | Killed a black mamba
 16459 | Lair:1   | Reached XP level 11. HP: 67/67 MP: 20/22
 16601 | Lair:1   | Noticed a six-headed hydra
 16967 | Lair:2   | Reached skill level 10 in Unarmed Combat
 17789 | Lair:2   | Found a staircase to the Shoals.
 18252 | D:9      | Bought the ring "Cuniruor" {rC+ Int+3} for 536 gold pieces
 18252 | D:9      | Bought the ring "Zimall" {MR+ rCorr Dex+4} for 574 gold
                  | pieces
 18252 | D:9      | Bought an uncursed ring of see invisible for 210 gold
                  | pieces
 18252 | D:9      | Bought the amulet of Vitality {Regen+ HP+15} for 1106 gold
                  | pieces
 18252 | D:9      | Found the amulet of Vitality {Regen+ HP+15}
 18428 | D:9      | Paralysed by a hornet for 1 turns
 18767 | Lair:2   | Found a staircase to the Snake Pit.
 19264 | Lair:3   | Reached skill level 11 in Unarmed Combat
 19500 | Lair:3   | Noticed a seven-headed hydra
 19815 | Lair:3   | Reached XP level 12. HP: 73/75 MP: 22/24
 19930 | Lair:3   | Noticed a four-headed hydra
 19933 | Lair:3   | Got a fine rapier
 20718 | Lair:4   | Learned a level 5 spell: Yara's Violent Unravelling
 20977 | Lair:4   | Noticed an eight-headed hydra
 21031 | Lair:4   | Killed an eight-headed hydra
 21422 | Lair:4   | Noticed a seven-headed hydra
 21463 | Lair:4   | Killed a seven-headed hydra
 21463 | Lair:4   | Reached skill level 5 in Fighting
 21559 | Lair:4   | Reached skill level 12 in Unarmed Combat
 22347 | Lair:5   | Found a gate leading to a gauntlet.
 22385 | Gauntlet | Entered a Gauntlet
 22385 | Gauntlet | Found a transporter.
 22385 | Gauntlet | Found a transporter.
 22458 | Gauntlet | Found a transporter.
 22458 | Gauntlet | Noticed a tengu warrior
 22462 | Gauntlet | Found a transporter.
 22471 | Gauntlet | Found a transporter.
 22474 | Gauntlet | Found a transporter.
 22476 | Gauntlet | Noticed a death ooze
 22482 | Gauntlet | Found a transporter.
 22502 | Gauntlet | Found a transporter.
 22505 | Gauntlet | Noticed a hell beast
 22520 | Gauntlet | Found a transporter.
 22524 | Gauntlet | Found a transporter.
 22532 | Gauntlet | Found a transporter.
 22536 | Gauntlet | Found a transporter.
 22612 | Gauntlet | Got a smoking lapis lazuli ring
 22625 | Gauntlet | Killed a tengu warrior
 22625 | Gauntlet | Reached XP level 13. HP: 41/81 MP: 1/26
 22713 | Gauntlet | Identified the ring "Mufitaej" {*Contam rPois rC++ rN+
                  | Str-2 Int+6} (You found it in a Gauntlet)
 22778 | Gauntlet | Noticed a minotaur
 22801 | Gauntlet | Killed a minotaur
 22846 | Gauntlet | Identified the Disquisition on Excruciating Benedictions
 22867 | Gauntlet | Reached skill level 10 in Transmutations
 22982 | Lair:5   | Reached skill level 10 in Spellcasting
 23124 | Lair:5   | You fall into a shaft and drop 1 floor!
 23124 | Lair:6   | Entered Level 6 of the Lair of Beasts
 23450 | Lair:5   | Reached skill level 13 in Unarmed Combat
 23462 | Lair:5   | Found a staircase to the Slime Pits.
 23462 | Lair:5   | Found a viscous altar of Jiyva.
 23911 | Lair:5   | Identified the +8 rapier "Enalies" {vorpal, Str-4 Dex+7
                  | SInv} (You found it on level 3 of the Lair of Beasts)
 24168 | D:9      | Bought a book of the Dragon for 1170 gold pieces
 24177 | D:9      | Learned a level 7 spell: Dragon Form
 24182 | D:9      | Bought a scroll of identify for 68 gold pieces
 24182 | D:9      | Bought a scroll of identify for 68 gold pieces
 24211 | Orc:1    | Entered Level 1 of the Orcish Mines
 24258 | Orc:1    | Found Xeliluev's Book Boutique.
 24429 | Orc:1    | Found a roughly hewn altar of Beogh.
 25433 | Orc:2    | Entered Level 2 of the Orcish Mines
 25662 | Orc:2    | Found a roughly hewn altar of Beogh.
 26123 | Orc:2    | Found a staircase to the Elven Halls.
 26168 | Orc:2    | Found a runed translucent door.
 26168 | Orc:2    | Noticed Albert's ghost (journeyman DDBe)
 26237 | Orc:2    | Found a roughly hewn altar of Beogh.
 26359 | Orc:2    | Found a roughly hewn altar of Beogh.
 26395 | Orc:2    | Found a roughly hewn altar of Beogh.
 26708 | Orc:2    | Found a roughly hewn altar of Beogh.
 26709 | Orc:2    | Found Fore's Food Boutique.
 26754 | Orc:2    | Bought a ration for 70 gold pieces
 26754 | Orc:2    | Bought a ration for 70 gold pieces
 26754 | Orc:2    | Bought a ration for 70 gold pieces
 26754 | Orc:2    | Bought a ration for 70 gold pieces
 26754 | Orc:2    | Bought a ration for 70 gold pieces
 26754 | Orc:2    | Bought a ration for 70 gold pieces
 26754 | Orc:2    | Bought a ration for 70 gold pieces
 26754 | Orc:2    | Bought a ration for 70 gold pieces
 26754 | Orc:2    | Bought a ration for 70 gold pieces
 26754 | Orc:2    | Bought a ration for 70 gold pieces
 26936 | Orc:2    | Found a roughly hewn altar of Beogh.
 27040 | Orc:2    | Found a roughly hewn altar of Beogh.
 27048 | Orc:2    | Found Vucaow's Armour Shoppe.
 27289 | Orc:2    | Found Egry's Antique Weapon Shop.
 27294 | Orc:2    | Found a roughly hewn altar of Beogh.
 27327 | Orc:2    | Found Tiso's Antique Armour Boutique.
 27501 | Orc:2    | Noticed an orc warlord
 27948 | D:9      | Bought a book of Battle for 560 gold pieces
 27951 | D:9      | Learned a level 2 spell: Shroud of Golubria
 27955 | D:9      | Learned a level 3 spell: Ozocubu's Armour
 28055 | Lair:3   | Reached XP level 14. HP: 81/93 MP: 28/28
 28335 | Lair:6   | Reached skill level 1 in Charms
 28449 | Lair:5   | Learned a level 4 spell: Ice Form
 28579 | Lair:5   | Reached skill level 1 in Ice Magic
 28718 | Lair:5   | Reached skill level 14 in Unarmed Combat
 29698 | Lair:6   | HP: 2/132 [four-headed hydra (15)]
 30378 | Lair:6   | Got a blackened dagger
 32007 | D:8      | Bought a scroll of magic mapping for 42 gold pieces
 32007 | D:8      | Bought a scroll of teleportation for 36 gold pieces
 32007 | D:8      | Bought a scroll of magic mapping for 42 gold pieces
 33000 | Snake:1  | Entered Level 1 of the Snake Pit
 33284 | Snake:1  | Reached XP level 15. HP: 30/103 MP: 29/29
 33571 | Snake:1  | Reached skill level 10 in Fighting
 33898 | D:9      | Bought a fine hunting sling for 123 gold pieces
 33898 | D:9      | Bought an encrusted hunting sling for 123 gold pieces
 33899 | D:9      | Identified the +5 dagger of the Endless March {drain,
                  | *Drain +Rage MR+ Dex+2} (You found it on level 6 of the
                  | Lair of Beasts)
 33900 | D:9      | Identified the cursed +2 hunting sling of Annoyance {speed,
                  | rF++ MR+ MP+9 Dex+2} (You bought it in a shop on level 9 of
                  | the Dungeon)
 33913 | D:9      | Identified the +4 hunting sling "Ywiraas" {speed, rElec
                  | rPois MR- Str+6 Dex+3} (You bought it in a shop on level 9
                  | of the Dungeon)
 34001 | Shoals:1 | Entered Level 1 of the Shoals
 34036 | Shoals:1 | Reached skill level 1 in Polearms
 34036 | Shoals:1 | Reached skill level 1 in Slings
 34036 | Shoals:1 | Reached skill level 15 in Unarmed Combat
 34569 | Elf:1    | Entered Level 1 of the Elven Halls
 34618 | Elf:1    | Noticed a deep elf elementalist
 35707 | Shoals:1 | Reached skill level 10 in Stealth
 35766 | Shoals:1 | Mangled by a merfolk

Illustrated notes

Levels and vault maps discovered:
D:1:      saegor_arrival_simple_e, layout_loops_ring, minmay_pentomino_t2
D:2:      layout_rooms
D:3:      layout_basic
D:4:      layout_loops_corners, zin_angel, first_ration, uniq_eustachio,
          uniq_menkaure
D:5:      layout_loops_ring, grunt_temple_overflow_holy_war,
          gammafunk_temple_overflow_statue, minmay_increasing_density
D:6:      layout_loops_ring, overflow_temple_1_default,
          grunt_temple_overflow_open, portal_sewer_entry_a,
          nemelex_dance_club_becter, uniq_blork_the_orc, uniq_prince_ribbit1
D:7:      layout_rooms, minmay_temple_entry_ruins
D:8:      layout_basic, lemuel_crystal_altar, serial_shops, shop,
          minmay_checkerbox
D:9:      layout_stronghold, lair_entry_dummy, hangedman_pestilent_swarm,
          minmay_fire_ice_demons, uniq_pikel
D:10:     layout_loops_ring, orc_0_dummy, enter_bailey_2, basic_altar
D:11:     layout_small_grid
Lair:1:   layout_cave_pods, fungi_pond_lemuel
Lair:2:   layout_regular_city, elwin_shoals_entry_rooms,
          minmay_snake_entry_guardpost_small, beast_lair_carwin_7
Lair:3:   layout_cellular_growth, infiniplex_staircase_pool
Lair:4:   layout_gridlike, hangedman_lair_unloving_vines, st_stairs_12,
          serial_bayou_ford_a, beast_lair_carwin_1, grunt_megastairs_5
Lair:5:   layout_roguey, slime_altar_1, gauntlet_entry_generic,
          serial_bayou_shore_b
Lair:6:   minmay_lair_end_frog_pond, layout_regular_city
Shoals:1: layout_shoals
Snake:1:  layout_gridlike
Orc:1:    cheibrodos_orc_bank, layout_diamond_mine, basic_altar, serial_shops,
          shop
Orc:2:    grunt_orc_community_town_hall, layout_diamond_mine,
          grunt_orc_community_big_house_1, grunt_orc_community_big_house_2,
          grunt_orc_community_house_3, grunt_orc_community_house_1,
          grunt_orc_community_house_2, grunt_orc_community_house_3,
          grunt_orc_community_house_1, gammafunk_ghost_grave
Elf:1:    layout_loops_cross, serial_shops, nicolae_shop_behind_doors,
          shop_fountains, shop, minivault_28

Skill      XL: |  1  2  3  4  5  6  7  8  9 10 11 12 13 14 15 |
---------------+----------------------------------------------+-----
Stealth        | 1 2 3 4 5 6 7 9 10 | 10.0
Unarmed Combat | 4 5 6 7 8 9 11 12 13 14 15 | 15.3
Dodging        | 3 4 5 6 7 8 |  8.6
Transmutations | 3 4 6 7 8 9 10 11 | 11.2
Spellcasting   | 3 5 6 7 8 9 10 | 10.9
Fighting       | 2 3 4 5 7 9 10 | 10.9
Throwing       | 1 2 3 4 |  4.0
Poison Magic   | 1 |  1.5
Evocations     | 1 2 |  2.9
Charms         | 3 |  3.7
Ice Magic      | 3 |  3.4
Polearms       | 2 |  2.1
Slings         | 2 |  2.3
Hexes          | |  0.4

Action                   |  1- 3 |  4- 6 |  7- 9 | 10-12 | 13-15 || total
-------------------------+-------+-------+-------+-------+-------++-------
Melee: Unarmed           |    73 |   154 |   422 |   611 |  1053 ||  2313
       Constrict         |    19 |    43 |    92 |    74 |   197 ||   425
       Tentacles         |     9 |    18 |    61 |   115 |   220 ||   423
       Punch             |     2 |     3 |    17 |    56 |   105 ||   183
       Kick              |     2 |    32 |    75 |   149 |   185 ||   443
       Lance             |       |       |       |     1 |       ||     1
Throw: Dart              |       |     5 |    16 |    35 |    31 ||    87
       Javelin           |       |       |       |       |    16 ||    16
 Cast: Beastly Appendage |     2 |    24 |    59 |    61 |    60 ||   206
       Spider Form       |       |       |    10 |     4 |     1 ||    15
       Blade Hands       |       |       |       |    19 |    38 ||    57
       Yara's Violent Un |       |       |       |       |     3 ||     3
       Ice Form          |       |       |       |       |     9 ||     9
       Sticks to Snakes  |       |       |       |       |     3 ||     3
       Shroud of Golubri |       |       |       |       |     1 ||     1
Invok: Call Merchant     |       |       |       |     5 |     1 ||     6
Evoke: Wand              |       |       |    11 |    32 |     7 ||    50
       Box of beasts     |       |       |       |       |     1 ||     1
       Phial of floods   |       |       |       |       |     1 ||     1
       Lightning rod     |       |       |       |       |     1 ||     1
  Use: Potion            |       |       |     7 |     7 |    12 ||    26
       Scroll            |       |       |    14 |    14 |    13 ||    41
 Stab: Sleeping          |     8 |     6 |    14 |    14 |    25 ||    67
       Distracted        |       |       |     1 |       |     8 ||     9
       Paralysed         |       |       |       |     2 |       ||     2
       Petrifying        |       |       |       |       |     1 ||     1
       Petrified         |       |       |       |       |     1 ||     1
  Eat: Chunk             |     2 |     9 |    11 |       |       ||    22
       Ration            |       |       |     5 |    10 |    14 ||    29
Armor: Skin              |    10 |     4 |    49 |    76 |    91 ||   230
Dodge: Dodged            |    41 |    91 |   266 |   382 |   721 ||  1501
